General information
- name: BNet
- type: Ladder team game (AT/RT)
- host: Battle.net
- saver: tuna-fish
map: TwilightRuins
- players: 8
- length: 15:31
- speed: Fast
- version: 1.26 W3XP
- replay type: Public
» download(104 KB)
Players
team 1 (loser)

»
Est[a]Te- (
teal | 63 APM | 970 actions | 15:27)
4 Demon Hunter
2 Mana Burn
2 Evasion
2 Priestess of the Moon
1 Searing Arrows
1 Trueshot Aura
» actions
| Assign group hotkey | 16 | |
| Basic commands | 98 | |
| Build / train | 66 | |
| Enter build submenu | 20 | |
| Enter hero's abilities submenu | 6 | |
| Remove unit from queue | 2 | |
| Right click | 308 | |
| Select / deselect | 244 | |
| Select group hotkey | 172 | |
| Use ability | 38 | |
970 total
» units
| Wisp | 26 | |
| Archer | 8 | |
| Hippogryph | 1 | |
| Druid of the Talon | 4 | |
| Chimaera | 1 | |
40 total
» upgrades
| Improved Bows | 1 | |
| Strength of the Wild | 2 | |
| Reinforced Hides | 2 | |
| Druid of the Talon Training | 2 | |
7 total
» buildings
| Altar of Elders | 2 | |
| Moon Well | 8 | |
| Ancient of War | 1 | |
| Tree of Ages | 2 | |
| Hunter's Hall | 1 | |
| Ancient of Wonders | 1 | |
| Tree of Life | 2 | |
| Ancient of Wind | 2 | |
| Tree of Eternity | 1 | |
| Chimaera Roost | 2 | |
22 total
» build order
00:08 Altar of Elders
00:19 Moon Well
00:34 Ancient of War
01:18 Moon Well
02:45 Moon Well
04:33 Tree of Ages
04:33 Tree of Ages
04:52 Hunter's Hall
05:44 Ancient of Wonders
06:05 Moon Well
06:43 Tree of Life
07:32 Moon Well
08:39 Ancient of Wind
08:44 Ancient of Wind
09:03 Altar of Elders
09:46 Tree of Life
10:31 Moon Well
10:37 Tree of Eternity
10:56 Moon Well
13:22 Chimaera Roost
13:23 Chimaera Roost
13:53 Moon Well
Orc-keep (
orange | 19 APM | 288 actions | 15:23)
1 Shadow Hunter
1 Healing Wave
» actions
| Build / train | 45 | |
| Enter build submenu | 26 | |
| Enter hero's abilities submenu | 1 | |
| Right click | 67 | |
| Select / deselect | 117 | |
| Use ability | 32 | |
288 total
» units
| Peon | 11 | |
| Shaman | 11 | |
| Troll Witch Doctor | 8 | |
30 total
» upgrades
| Shaman Training | 2 | |
| Witch Doctor Training | 2 | |
| Reinforced Defenses | 1 | |
| Spiked Barricades | 3 | |
8 total
» buildings
| Altar of Storms | 1 | |
| Orc Burrow | 6 | |
| War Mill | 1 | |
| Watch Tower | 13 | |
| Stronghold | 1 | |
| Voodoo Lounge | 1 | |
| Fortress | 1 | |
| Spirit Lodge | 2 | |
26 total
» build order
00:11 Altar of Storms
00:15 Orc Burrow
00:36 War Mill
01:56 Watch Tower
03:05 Stronghold
03:11 Watch Tower
03:25 Voodoo Lounge
03:41 Orc Burrow
04:18 Watch Tower
04:41 Orc Burrow
05:27 Watch Tower
05:29 Fortress
05:35 Spirit Lodge
05:49 Spirit Lodge
06:03 Orc Burrow
06:35 Watch Tower
07:11 Orc Burrow
07:25 Watch Tower
07:50 Watch Tower
09:18 Watch Tower
10:28 Watch Tower
10:46 Orc Burrow
11:58 Watch Tower
12:28 Watch Tower
13:35 Watch Tower
13:58 Watch Tower
» items
| Orb of Lightning | 1 | |
| Scroll of Town Portal | 1 | |
| Scroll of Speed | 1 | |
3 total

»
NoobsAREus (
red | 36 APM | 559 actions | 15:18)
3 Blademaster
2 Wind Walk
1 Critical Strike
» actions
| Assign group hotkey | 21 | |
| Basic commands | 26 | |
| Build / train | 41 | |
| ESC pressed | 4 | |
| Enter build submenu | 17 | |
| Enter hero's abilities submenu | 3 | |
| Give item / drop item | 2 | |
| Remove unit from queue | 1 | |
| Right click | 205 | |
| Select / deselect | 159 | |
| Select group hotkey | 47 | |
| Use ability | 33 | |
559 total
» units
| Peon | 11 | |
| Grunt | 5 | |
| Wind Rider | 6 | |
| Raider | 5 | |
27 total
» upgrades
| Ranged Weapons | 1 | |
| Armor | 1 | |
| Ensnare | 1 | |
| Envenomed Spears | 1 | |
4 total
» buildings
| Altar of Storms | 1 | |
| Orc Burrow | 5 | |
| Barracks | 1 | |
| War Mill | 1 | |
| Voodoo Lounge | 1 | |
| Stronghold | 1 | |
| Great Hall | 2 | |
| Beastiary | 2 | |
| Watch Tower | 1 | |
| Fortress | 1 | |
16 total
» build order
00:17 Altar of Storms
00:23 Orc Burrow
01:09 Barracks
01:37 Orc Burrow
02:24 War Mill
02:55 Voodoo Lounge
03:40 Orc Burrow
04:37 Stronghold
06:31 Great Hall
06:57 Orc Burrow
07:14 Beastiary
08:19 Watch Tower
08:32 Beastiary
08:50 Fortress
09:12 Great Hall
09:30 Orc Burrow
» items
| Healing Salve | 1 | |
| Lesser Clarity Potion | 1 | |
| Scroll of Town Portal | 1 | |
3 total

»
darkhero (
yellow | 39 APM | 587 actions | 15:14)
3 Tauren Chieftain
2 War Stomp
1 Endurance Aura
2 Shadow Hunter
1 Healing Wave
1 Hex
» actions
| Assign group hotkey | 22 | |
| Basic commands | 13 | |
| Build / train | 37 | |
| Enter build submenu | 21 | |
| Enter hero's abilities submenu | 5 | |
| Right click | 138 | |
| Select / deselect | 195 | |
| Select group hotkey | 116 | |
| Use ability | 40 | |
587 total
» units
| Peon | 10 | |
| Grunt | 3 | |
| Troll Headhunter/Berserker | 3 | |
| Tauren | 5 | |
21 total
» upgrades
| Berserker Strength | 1 | |
| Reinforced Defenses | 1 | |
| Spiked Barricades | 1 | |
| Pulverize | 1 | |
4 total
» buildings
| Altar of Storms | 1 | |
| Orc Burrow | 7 | |
| War Mill | 1 | |
| Barracks | 1 | |
| Watch Tower | 4 | |
| Voodoo Lounge | 1 | |
| Stronghold | 1 | |
| Fortress | 1 | |
| Spirit Lodge | 1 | |
| Tauren Totem | 2 | |
20 total
» build order
00:17 Altar of Storms
00:22 Orc Burrow
01:11 War Mill
01:36 Barracks
01:50 Orc Burrow
02:39 Watch Tower
02:46 Voodoo Lounge
02:58 Orc Burrow
03:52 Watch Tower
04:32 Stronghold
04:53 Orc Burrow
06:07 Watch Tower
07:32 Fortress
07:35 Orc Burrow
07:55 Spirit Lodge
09:06 Watch Tower
10:06 Tauren Totem
10:33 Tauren Totem
10:37 Orc Burrow
13:13 Orc Burrow
» items
| Healing Salve | 2 | |
| Scroll of Town Portal | 1 | |
3 total
team 2 (winner)

»
Wisteria (
purple | 91 APM | 1402 actions | 15:27)
5 Shadow Hunter
1 Serpent Ward
3 Healing Wave
1 Hex
» actions
| Assign group hotkey | 14 | |
| Basic commands | 6 | |
| Build / train | 60 | |
| Enter build submenu | 17 | |
| Enter hero's abilities submenu | 6 | |
| Give item / drop item | 2 | |
| Remove unit from queue | 6 | |
| Right click | 609 | |
| Select / deselect | 176 | |
| Select group hotkey | 424 | |
| Use ability | 82 | |
1402 total
» units
| Peon | 8 | |
| Grunt | 4 | |
| Goblin Shredder | 1 | |
| Troll Witch Doctor | 2 | |
| Spirit Walker | 2 | |
| Tauren | 2 | |
| Troll Batrider | 5 | |
24 total
» upgrades
| Berserker Strength | 1 | |
| Armor | 2 | |
| Witch Doctor Training | 2 | |
| Pulverize | 1 | |
| Spirit Walker Training | 1 | |
| Melee Weapons | 1 | |
8 total
» buildings
| Altar of Storms | 1 | |
| Orc Burrow | 6 | |
| Barracks | 1 | |
| Voodoo Lounge | 1 | |
| War Mill | 1 | |
| Stronghold | 1 | |
| Watch Tower | 3 | |
| Fortress | 4 | |
| Spirit Lodge | 1 | |
| Tauren Totem | 2 | |
| Great Hall | 1 | |
| Beastiary | 2 | |
24 total
» build order
00:08 Altar of Storms
00:19 Orc Burrow
00:39 Barracks
01:30 Orc Burrow
01:52 Voodoo Lounge
03:17 War Mill
04:11 Stronghold
04:31 Watch Tower
05:13 Orc Burrow
06:50 Fortress
06:50 Fortress
06:51 Fortress
06:56 Spirit Lodge
07:43 Watch Tower
08:42 Watch Tower
09:32 Tauren Totem
09:33 Tauren Totem
11:24 Great Hall
11:50 Orc Burrow
11:50 Orc Burrow
11:50 Orc Burrow
13:35 Beastiary
13:53 Beastiary
» items
| Healing Salve | 3 | |
| Lesser Clarity Potion | 2 | |
| Scroll of Speed | 1 | |
6 total
Silk. (
pink | 55 APM | 852 actions | 15:27)
4 Dark Ranger
2 Black Arrow
2 Silence
3 Lich
2 Frost Nova
1 Dark Ritual
» actions
| Assign group hotkey | 37 | |
| Build / train | 79 | |
| Enter build submenu | 24 | |
| Enter hero's abilities submenu | 8 | |
| Remove unit from queue | 25 | |
| Right click | 320 | |
| Select / deselect | 189 | |
| Select group hotkey | 109 | |
| Use ability | 61 | |
852 total
» units
| Acolyte | 8 | |
| Ghoul | 11 | |
| Banshee | 8 | |
| Obsidian Statue | 6 | |
| Abomination | 1 | |
| Necromancer | 2 | |
36 total
» upgrades
| Creature Attack | -1 | |
| Creature Carapace | -1 | |
| Unholy Strength | 1 | |
| Unholy Armor | 1 | |
| Banshee Training | 2 | |
| Disease Cloud | 1 | |
| Necromancer Training | 2 | |
| Skeletal Mastery | 1 | |
| Skeletal Longevity | 1 | |
7 total
» buildings
| Ziggurat | 13 | |
| Altar of Darkness | 1 | |
| Crypt | 1 | |
| Tomb of Relics | 1 | |
| Halls of the Dead | 1 | |
| Black Citadel | 5 | |
| Graveyard | 1 | |
| Temple of the Damned | 2 | |
| Slaughterhouse | 2 | |
| Altar of Storms | 1 | |
| Great Hall | 1 | |
| War Mill | 1 | |
| Spirit Tower | 1 | |
31 total
» build order
00:20 Ziggurat
00:23 Altar of Darkness
00:33 Crypt
00:56 Tomb of Relics
01:15 Ziggurat
03:06 Halls of the Dead
05:09 Ziggurat
05:42 Ziggurat
07:00 Black Citadel
07:01 Black Citadel
07:01 Black Citadel
07:10 Graveyard
08:11 Ziggurat
08:43 Temple of the Damned
08:44 Temple of the Damned
08:47 Slaughterhouse
09:29 Slaughterhouse
09:33 Ziggurat
09:33 Ziggurat
09:34 Ziggurat
10:33 Ziggurat
13:02 Altar of Storms
13:08 Great Hall
13:35 Ziggurat
13:36 Ziggurat
13:40 Ziggurat
13:41 Ziggurat
14:11 War Mill
14:34 Spirit Tower
» items

»
tuna-fish (
green | 70 APM | 1089 actions | 15:31)
5 Blademaster
3 Wind Walk
2 Critical Strike
4 Shadow Hunter
2 Hex
2 Healing Wave
2 Tauren Chieftain
1 Shockwave
1 Endurance Aura
» actions
| Assign group hotkey | 23 | |
| Basic commands | 1 | |
| Build / train | 51 | |
| Enter build submenu | 13 | |
| Enter hero's abilities submenu | 11 | |
| Give item / drop item | 2 | |
| Right click | 448 | |
| Select / deselect | 119 | |
| Select group hotkey | 364 | |
| Use ability | 57 | |
1089 total
» units
» upgrades
| Ranged Weapons | 2 | |
| Armor | 2 | |
| Envenomed Spears | 1 | |
5 total
» buildings
| Altar of Storms | 1 | |
| Orc Burrow | 7 | |
| Barracks | 1 | |
| Voodoo Lounge | 1 | |
| Stronghold | 1 | |
| War Mill | 1 | |
| Beastiary | 2 | |
| Fortress | 1 | |
| Great Hall | 1 | |
16 total
» build order
00:12 Altar of Storms
00:21 Orc Burrow
00:39 Barracks
01:28 Orc Burrow
01:54 Voodoo Lounge
02:57 Stronghold
03:27 Orc Burrow
04:12 Orc Burrow
04:42 War Mill
05:35 Beastiary
05:39 Beastiary
08:37 Fortress
09:10 Orc Burrow
09:11 Orc Burrow
10:09 Orc Burrow
11:57 Great Hall
» items
| Healing Salve | 2 | |
| Lesser Clarity Potion | 1 | |
| Potion of Lesser Invulnerability | 1 | |
4 total
l31tchessss (
blue | 50 APM | 777 actions | 15:27)
4 Blademaster
2 Wind Walk
2 Critical Strike
» actions
| Assign group hotkey | 13 | |
| Basic commands | 32 | |
| Build / train | 43 | |
| Enter build submenu | 20 | |
| Enter hero's abilities submenu | 5 | |
| Right click | 295 | |
| Select / deselect | 213 | |
| Select group hotkey | 117 | |
| Use ability | 39 | |
777 total
» units
| Peon | 8 | |
| Grunt | 8 | |
| Goblin Shredder | 1 | |
| Tauren | 2 | |
| Shaman | 5 | |
24 total
» upgrades
| Berserker Strength | 1 | |
| Shaman Training | 2 | |
| Backpack | 1 | |
| Pulverize | 1 | |
| Reinforced Defenses | 1 | |
6 total
» buildings
| Altar of Storms | 1 | |
| Orc Burrow | 8 | |
| Voodoo Lounge | 1 | |
| Barracks | 1 | |
| Stronghold | 1 | |
| War Mill | 2 | |
| Fortress | 1 | |
| Spirit Lodge | 1 | |
| Tauren Totem | 2 | |
| Watch Tower | 4 | |
22 total
» build order
00:09 Altar of Storms
00:12 Orc Burrow
01:03 Voodoo Lounge
01:21 Barracks
01:47 Orc Burrow
03:26 Orc Burrow
04:28 Stronghold
06:59 Orc Burrow
07:02 War Mill
07:09 Fortress
07:34 Spirit Lodge
08:05 War Mill
09:41 Tauren Totem
09:42 Tauren Totem
10:45 Watch Tower
10:46 Watch Tower
11:49 Orc Burrow
13:05 Orc Burrow
13:54 Orc Burrow
13:55 Orc Burrow
14:24 Watch Tower
14:25 Watch Tower
» items
| Healing Salve | 1 | |
| Lesser Clarity Potion | 2 | |
| Scroll of Speed | 1 | |
| Orb of Lightning | 1 | |
| Tiny Great Hall | 1 | |
6 total
Chat log
(00:05 / Allies) l31tchessss: rish
(00:06 / Allies) l31tchessss: rush
(00:17 / Allies) Silk.: 100g please by any chance..?
(00:19 / Allies) l31tchessss: 3 orc
(00:20 / Allies) l31tchessss: harass
(00:38 / Allies) Silk.: ty!
(00:40 / Allies) l31tchessss: harass
(01:12 / Allies) tuna-fish: it would be simpler to just deny em' expos
(01:59 / Allies) l31tchessss: ok well
(02:04 / Allies) l31tchessss: cc?
(02:08 / Allies) l31tchessss: deny expos?
(06:28 / Allies) tuna-fish: ok lets hit their expos now
(06:36 / Allies) l31tchessss: kk
(06:38 / Allies) l31tchessss: one sec
(06:43 / Allies) l31tchessss: i get melee btw
(07:28 / Allies) l31tchessss: omw
(08:17 / Allies) tuna-fish: coming purple
(11:49 / Allies) tuna-fish: meet
(12:16 / Allies) tuna-fish: dh teal
(14:05 / Allies) tuna-fish: hit red now
(15:05 / Allies) l31tchessss: brb
(15:09 / All) tuna-fish: what a tp